 Dungeon Crawl Stone Soup version 0.29.1-1-gd02db6906a (webtiles) character file.

Game seed: 7229578520489304033

9 brightshaft the Ruffian (level 2, -1/16 HPs)
             Began as a Vine Stalker Berserker on Sept 23, 2022.
             Was a Follower of Trog.
             Slain by a kobold
             ... wielding a +0 short sword
              (2 damage)
             ... on level 1 of the Dungeon.
             The game lasted 00:00:29 (95 turns).

brightshaft the Ruffian (Vine Stalker Berserker)      Turns: 95, Time: 00:00:30

Health: -1/16      AC:  2    Str: 19    XL:     2   Next: 16%
Magic:  0/3        EV: 12    Int:  7    God:    Trog [*.....]
Gold:   0          SH:  0    Dex: 13    Spells: 1/1 levels left

rFire   . . .      SeeInvis .     - Unarmed
rCold   . . .      Faith    .   (no shield)
rNeg    . . .      Spirit   +   a - +0 animal skin
rPois   .          Reflect  .   (no helmet)
rElec   .          Harm     .   (no cloak)
rCorr   .          Rampage  .   (no gloves)
Will    .....                   (no boots)
Stlth   +.........              (no amulet)
HPRegen 0.05/turn               (no ring)
MPRegen 0.08/turn               (no ring)

@: no status effects
A: fangs 2, magic shield, antimagic bite, no potion heal 2
a: Renounce Religion, Berserk


You were on level 1 of the Dungeon.
You worshipped Trog.
Trog was aware of your devotion.
You visited 1 branch of the dungeon, and saw 1 of its levels.

Inventory:

Armour
 a - a +0 animal skin (worn)
Potions
 b - a potion of mutation {unknown}


   Skills:
 - Level 2.6 Fighting
 - Level 1.5 Armour
 - Level 1.5 Dodging
 + Level 3.6 Unarmed Combat


You had one spell level left.
You didn't know any spells.
Your spell library was empty.

Dungeon Overview and Level Annotations

Branches:
Dungeon (1/15)

Altars:


Innate Abilities, Weirdness & Mutations

You have extremely sharp teeth.
When hurt, damage is shared between your health and your magic reserves.
Your bite disrupts and absorbs the magic of your enemies.
Potions cannot restore your health.


Message History

The hobgoblin is almost dead.
A kobold comes into view. It is wielding a +0 short sword.
The hobgoblin closely misses you.
The kobold shouts!
You hit the hobgoblin.
You kill the hobgoblin!
Trog accepts your kill.
The jackal bites you but does no damage.
You hit the jackal. You punch the jackal, but do no damage.
You bite the jackal.
You kill the jackal!
Trog accepts your kill.
You have reached level 2!
You hit the ball python.
The ball python is severely wounded.
The ball python misses you. The ball python grabs you.
The ball python constricts you.
You hit the ball python.
You kill the ball python!
Trog accepts your kill.
You hit the goblin.
You kill the goblin!
Trog accepts your kill. The dart slug closely misses you.
Items here: )) †††††.
You hit the dart slug. Your bite misses the dart slug.
The dart slug is lightly wounded.
You hit the dart slug.
The dart slug is heavily wounded.
The kobold misses you. The dart slug bites you.
You hit the dart slug.
You bite the dart slug, but do no damage.
The dart slug is almost dead.
The kobold completely misses you. The dart slug launches a dart at you.
The slug dart hits you.
* * * LOW HITPOINT WARNING * * *
You closely miss the kobold. Your bite misses the kobold.
The kobold hits you with a +0 short sword.
You die...

... ...#.# #~#≈≈~.~ # ##.#
#..#.# ##≈≈~.~~ #)#...#
#..#.######~≈≈.~≈#
##.....##..#..†....~~.~~≈#
#.......#..#..####...~≈≈#≈
.....gw...##.......##≈≈#≈≈
#.....S.#w$...#.##.#######
##.....##K###......#
#)#...# #@# #.#.#### #
##.# #...#.#.# ..?
$.#.#.#.# #.. .##....#.#
### ## . ###.# .. ..# ##
##


You could see a dart slug and a kobold.

Vanquished Creatures
  A ball python (D:1)
  A bat (D:1)
  An endoplasm (D:1)
  2 goblins (D:1)
  A hobgoblin (D:1)
  A jackal (D:1)
7 creatures vanquished.

Notes
Turn   | Place    | Note
-------+----------+-------------------------------------------
     0 | D:1      | brightshaft the Vine Stalker Berserker began the quest for
                  | the Orb.
     0 | D:1      | Reached XP level 1. HP: 11/11 MP: 2/2
    87 | D:1      | Reached XP level 2. HP: 3/16 MP: 3/3
    95 | D:1      | Slain by a kobold

Illustrated notes

Levels and vault maps discovered:
D:1:      spicycebolla_arrival_xxxplode, layout_basic, serial_shops,
          nicolae_shop_statue_plus, nicolae_shop_stone,
          nicolae_shop_window_shopping, dk_noncrumbling_3, minmay_nonomino_d4

Action                   || total
-------------------------++-------
Melee: Unarmed           ||    23
       Bite              ||     8
       Punch             ||     1
Armor: Animal skin       ||     8
Dodge: Dodged            ||    12
